 Dungeon Crawl Stone Soup version 0.19.5 (webtiles) character file.

1955 Shoikan the Basher (level 8, -2/69 HPs)
             Began as a Minotaur Berserker on Mar 9, 2017.
             Was a Priest of Trog.
             Succumbed to a scorpion's poison
             ... on level 6 of the Dungeon on Mar 10, 2017.
             The game lasted 01:00:49 (5782 turns).

Shoikan the Basher (Minotaur Berserker)             Turns: 5782, Time: 01:00:50

Health: -2/69      AC: 11    Str: 21    XL:     8   Next: 99%
Magic:  16/16      EV: 10    Int:  4    God:    Trog [***...]
Gold:   303        SH:  0    Dex: 13    Spells: 0 memorised, 7 levels left

rFire  . . .     SeeInvis .     C - +1 flail (drain)
rCold  . . .     Gourm    .     z - +0 chain mail
rNeg   . . .     Faith    .     (no shield)
rPois  .         Spirit   .     (helmet restricted)
rElec  .         Reflect  .     (no cloak)
rCorr  .         Harm     .     (no gloves)
MR     .....                    (no boots)
Stlth  ..........               (no amulet)
                                A - ring of magical power
                                v - ring of wizardry

@: lethally poisoned (-2 -> -37)
A: retaliatory headbutt, horns 2
a: Berserk, Trog's Hand, Burn Spellbooks, Renounce Religion


You were on level 6 of the Dungeon.
You worshipped Trog.
Trog was most pleased with you.
You were not hungry.

You visited 1 branch of the dungeon, and saw 6 of its levels.

You collected 303 gold pieces.

Inventory:

Hand Weapons
 a - a +0 mace
 q - a +0 hunting sling
 y - a +0 whip
 C - a +1 flail of draining (weapon)
Missiles
 e - 210 stones (quivered)
 h - 2 curare-tipped needles
 w - 44 sling bullets
 B - 15 poisoned needles
Armour
 z - a +0 chain mail (worn)
 G - a +3 leather armour of fire resistance
 H - a +1 robe of the Archmagi
Jewellery
 v - a ring of wizardry (left hand)
 A - a ring of magical power (right hand)
Wands
 D - a wand of lightning (11/15)
 I - a wand of iceblast (9/15)
Scrolls
 b - 2 scrolls of remove curse
 n - a scroll of noise
 p - a scroll of recharging {unknown}
 r - a scroll of identify
 t - 3 scrolls of magic mapping
 x - a scroll of immolation {unknown}
 E - 3 scrolls of enchant armour {unknown}
 K - a scroll of teleportation {unknown}
Potions
 d - 2 potions of flight
 g - 2 potions of might {unknown}
 i - 3 potions of curing
 j - 2 potions of brilliance
 k - a potion of cure mutation {unknown}
 s - a potion of degeneration {unknown}
 F - a potion of invisibility {unknown}
Comestibles
 c - 8 bread rations
 f - 10 fruits
 m - 2 slices of pizza
 o - a beef jerky
 u - 4 meat rations
 J - a royal jelly
 L - a chunk of flesh


   Skills:
 + Level 5.6 Fighting
 * Level 9.2 Maces & Flails
 + Level 0.9 Slings
 * Level 8.9 Armour
 * Level 5.4 Dodging
 + Level 0.3 Stealth


You had 7 spell levels left.
You didn't know any spells.

Dungeon Overview and Level Annotations

Branches:
Dungeon (6/15)             Temple (0/1) D:5

Altars:
Ashenzari
Dithmenos
Fedhas
Makhleb
Okawaru
The Shining One

Annotations:
D:6 Menkaure


Innate Abilities, Weirdness & Mutations

You reflexively headbutt those who attack you in melee.
You have a pair of horns on your head.


Message History

The killer bee closely misses you.
The scorpion stings you but does no damage.
The killer bee stings you but does no damage.
* * * LOW HITPOINT WARNING * * *
You feel very sick. The killer bee closely misses you.
The killer bee barely misses you.
A howler monkey comes into view.
* * * LOW HITPOINT WARNING * * *
You feel very sick.
The killer bee stings you but does no damage.
* * * LOW HITPOINT WARNING * * *
You feel very sick. The killer bee barely misses you. You furiously retaliate!
You headbutt the killer bee.
* * * LOW HITPOINT WARNING * * *
You feel very sick.
Menkaure casts a spell.
Menkaure seems to speed up.
The killer bee stings you but does no damage.
You die...

..........(.##
...M.....(.##
.......†(.##
..%..[...##
........)#
#........#
##...%.ys#
##......#
#.....@.#
#.......#
#.......#
#.....###
#..... #.....
#..... ######


You could see Menkaure, a scorpion and a killer bee.

Vanquished Creatures
  Prince Ribbit (D:5)
  Eustachio (D:4)
  Edmund (D:4)
  Duvessa (D:4)
  An ogre (D:5)
  4 centaurs
  Blork the orc (D:4)
  The ghost of Santreim the Stinger, an amateur DEVM of Vehumet (D:4)
  Dowan (D:4)
  3 killer bees (D:6)
  2 howler monkeys
  A crimson imp (D:4)
  A centaur zombie (D:5)
  4 hounds
  An orc priest (D:5)
  2 orc wizards (D:5)
  An iguana (D:5)
  5 worker ants
  5 gnolls
  5 adders
  3 shadow imps
  An ooze (D:6)
  An adder zombie (D:3)
  2 adder skeletons (D:5)
  2 worms (D:2)
  2 dart slugs (D:3)
  4 leopard geckos
  10 orcs
  2 giant cockroaches (D:1)
  3 goblins
  6 hobgoblins
  2 jackals (D:4)
  A quokka (D:3)
  A ball python (D:1)
  7 bats
  8 frilled lizards
  4 kobolds
  6 rats
107 creatures vanquished.

Notes
Turn   | Place    | Note
-------+----------+-------------------------------------------
     0 | D:1      | Shoikan the Minotaur Berserker began the quest for the Orb.
     0 | D:1      | Reached XP level 1. HP: 19/19 MP: 0/0
   148 | D:1      | Reached XP level 2. HP: 24/26 MP: 1/1
   339 | D:1      | Reached skill level 4 in Maces & Flails
   888 | D:1      | Reached XP level 3. HP: 29/33 MP: 2/2
  1293 | D:2      | Found an iron altar of Okawaru.
  1326 | D:2      | Reached ** piety under Trog
  1473 | D:2      | Found a burning altar of Makhleb.
  1522 | D:2      | Found a shadowy altar of Dithmenos.
  1522 | D:2      | Found a faded altar of an unknown god.
  1527 | D:2      | Found a faded altar of an unknown god.
  1529 | D:2      | Found a faded altar of an unknown god.
  1531 | D:2      | Found a faded altar of an unknown god.
  1620 | D:2      | Found a shattered altar of Ashenzari.
  2027 | D:3      | Reached XP level 4. HP: 14/40 MP: 3/3
  2261 | D:3      | Found a glowing golden altar of the Shining One.
  2780 | D:4      | Noticed Blork the orc
  2788 | D:4      | Killed Blork the orc
  2788 | D:4      | Reached skill level 5 in Maces & Flails
  2788 | D:4      | Reached XP level 5. HP: 47/47 MP: 4/4
  2930 | D:4      | HP: 2/47 [gnoll/spear (5)]
  3258 | D:4      | Noticed Edmund
  3270 | D:4      | Killed Edmund
  3270 | D:4      | Reached skill level 5 in Armour
  3270 | D:4      | Reached XP level 6. HP: 53/53 MP: 5/5
  3415 | D:4      | Noticed Santreim's ghost (amateur DEVM)
  3423 | D:4      | Killed Santreim's ghost
  3645 | D:4      | Found an iron altar of Okawaru.
  3666 | D:4      | Noticed Eustachio
  3672 | D:4      | Noticed Dowan
  3721 | D:4      | Killed Dowan
  3730 | D:4      | Killed Eustachio
  3730 | D:4      | Reached skill level 6 in Maces & Flails
  3730 | D:4      | Reached XP level 7. HP: 37/60 MP: 6/6
  3863 | D:4      | Noticed Duvessa
  3880 | D:4      | Killed Duvessa
  4144 | D:4      | Reached *** piety under Trog
  4387 | D:4      | Found a blossoming altar of Fedhas.
  4459 | D:5      | Entered Level 5 of the Dungeon
  4773 | D:5      | Reached XP level 8. HP: 60/67 MP: 7/7
  4778 | D:5      | Reached skill level 5 in Fighting
  4778 | D:5      | Reached skill level 7 in Maces & Flails
  4975 | D:5      | Found a staircase to the Ecumenical Temple.
  5105 | D:5      | Reached skill level 5 in Dodging
  5138 | D:5      | Noticed Prince Ribbit
  5153 | D:5      | Killed Prince Ribbit
  5153 | D:5      | Reached skill level 8 in Maces & Flails
  5761 | D:6      | Reached skill level 9 in Maces & Flails
  5777 | D:6      | Noticed Menkaure
  5781 | D:6      | HP: 1/69 [poisoned by a scorpion]
  5782 | D:6      | Succumbed to a scorpion's poison

Skill      XL: |  1  2  3  4  5  6  7  8 |
---------------+-------------------------+-----
Maces & Flails | 4 5 6 9 |  9.2
Armour         | 3 4 5 6 7 8 |  8.9
Fighting       | 4 5 |  5.6
Dodging        | 3 4 5 |  5.4
Slings         | |  0.9
Stealth        | |  0.3

Action                   |  1- 3 |  4- 6 |  7- 9 || total
-------------------------+-------+-------+-------++-------
Melee: Mace              |    84 |    67 |       ||   151
       Headbutt          |    10 |    19 |    26 ||    55
       Flail             |       |    41 |   142 ||   183
 Fire: Hunting sling     |       |     2 |       ||     2
Invok: Berserk           |     1 |     3 |     1 ||     5
  Use: Scroll            |       |     2 |     3 ||     5
       Potion            |       |     6 |     1 ||     7
  Eat: Chunk             |     4 |     6 |     9 ||    19
       Fruit             |       |     1 |       ||     1
Armor: Animal skin       |     5 |       |       ||     5
       Ring mail         |    13 |     4 |       ||    17
       Chain mail        |       |    82 |    88 ||   170
Dodge: Dodged            |    62 |    86 |   101 ||   249
